 Dungeon Crawl Stone Soup version 0.28.0-45-g0d030f2227 (webtiles) character file.

Game seed: 11630573849699851235

81 Kaptain the Digger (level 4, -5/37 HPs)
             Began as a Gargoyle Earth Elementalist on Apr 13, 2022.
             Slain by Sigmund
             ... wielding a +0 scythe of holy wrath
              (7 damage)
             ... on level 3 of the Dungeon.
             The game lasted 00:04:59 (2796 turns).

Kaptain the Digger (Gargoyle Earth Elementalist)    Turns: 2796, Time: 00:05:00

Health: -5/37      AC: 10    Str: 12    XL:     4   Next: 42%
Magic:  7/7        EV: 11    Int: 17    God:
Gold:   123        SH:  0    Dex: 10    Spells: 4/8 levels left

rFire   . . .      SeeInvis .   q - +0 long sword
rCold   . . .      Faith    .   (no shield)
rNeg    + . .      Spirit   .   a - +0 leather armour
rPois   ∞          Reflect  .   (no helmet)
rElec   +          Harm     .   (no cloak)
rCorr   .          Rampage  .   (no gloves)
Will    .....                   (no boots)
Stlth   ..........              (no amulet)
HPRegen 0.12/turn               g - +4 ring of protection
MPRegen 0.10/turn               (no ring)

@: berserking, very quick
A: sickness immunity, AC +3, negative energy resistance 1, electricity
resistance, torment resistance 1, petrification resistance
a: no special abilities


You were on level 3 of the Dungeon.
You visited 1 branch of the dungeon, and saw 3 of its levels.

You collected 123 gold pieces.

Inventory:

Hand Weapons
 f - a +0 dagger
 k - a +0 short sword
 l - a +0 vorpal spear
 q - a +0 long sword (weapon)
Missiles
 c - 2 stones
Armour
 a - a +0 leather armour (worn)
 b - a +0 robe
 n - a +0 buckler
Jewellery
 g - a +4 ring of protection (left hand)
 j - a ring of fire
Scrolls
 e - a scroll of magic mapping {unknown}
 h - a scroll of noise {unknown}
 i - 2 scrolls of teleportation {unknown}
Potions
 d - a potion of magic
 o - a potion of lignification {unknown}
 p - a potion of attraction {unknown}


   Skills:
 * Level 1.5 Fighting
 + Level 0.8 Armour
 + Level 1.8 Dodging
 - Level 2.1 Stealth
 + Level 0.4 Shields
 * Level 2.5 Spellcasting
 * Level 1.7 Conjurations
 - Level 0.7 Transmutations
 * Level 4.3 Earth Magic


You had 4 spell levels left.
You knew the following spells:

 Your Spells              Type           Power      Damage    Failure   Level
a - Sandblast             Erth           34%        2d9       3%          1
b - Stone Arrow           Conj/Erth      24%        3d8       21%         3

Your spell library contained the following spells:

 Spells                   Type           Power      Damage    Failure   Level
 Magic Dart               Conj           28%        1d4       12%         1
 Passwall                 Tmut/Erth      8%         N/A       12%         2
 Petrify                  Tmut/Erth      10%        N/A       63%         4


Dungeon Overview and Level Annotations

Branches:
Dungeon (3/15)

Altars:

Annotations:
D:3 Robin, Sigmund


Innate Abilities, Weirdness & Mutations

You are immune to sickness and miasma.
Your stone body is resilient. (AC +3)
You are immune to poison.
You resist negative energy. (rN+)
You are resistant to electric shocks. (rElec)
You are resistant to unholy torment.
You are immune to petrification.


Message History

You closely miss the goblin. The goblin hits you with a +0 club.
The goblin unwields a +0 hunting sling.
The goblin wields a +0 club.
The goblin barely misses you. x2
Unknown command.
You're too confused to cast spells.
Unknown command.
The goblin shouts!
The goblin shoots a stone.
The stone barely misses you.
A goblin comes into view. It is wielding a +0 dagger.
The goblin hits you but does no damage.
The goblin unwields a +0 club.
The goblin wields a +0 hunting sling.
The goblin shoots a sling bullet.
The sling bullet closely misses you.
Unknown command.
You are too confused!
Unknown command.
You barely miss the goblin.
You feel less confused.
The goblin shouts!
The orc hits you with a +0 dagger. The rat bites you but does no damage.
You hear some strange, mumbled words.
A puff of flame appears from out of thin air!
The puff of flame hits you. The goblin hits you with a +0 club.
The goblin hits you but does no damage. The orc misses you.
The rat closely misses you.
It was a potion of magic.
Magic courses through your body. Something hits you.
* * * LOW HITPOINT WARNING * * *
Robin's bangles clink loudly.
The kobold barely misses you. The goblin misses you.
The goblin hits you with a +0 dagger.
* * * LOW HITPOINT WARNING * * *
The orc hits you but does no damage. The rat barely misses you.
It was a potion of berserk rage.
A red film seems to cover your vision as you go berserk!
You feel yourself moving faster!
You feel mighty!
The kobold hits you with a +0 short sword.
* * * LOW HITPOINT WARNING * * *
The goblin misses you. The goblin hits you with a +0 dagger.
* * * LOW HITPOINT WARNING * * *
Something hits you!
You die...

#### #############..
## ##gg@gg##.......
..#
##.goKr.........##.#.#
#....{g...............
#.......g..)...<..g...
#.........$......##g..
#...>....g>......gg.gg
#.....................
#..........)..........
##..............#.>...


You could see Robin, an orc, 7 goblins, a kobold and a rat.

Vanquished Creatures
  2 adders (D:2)
  An orc (D:2)
  4 ball pythons
  8 bats
  3 endoplasms (D:2)
  A giant cockroach (D:2)
  14 goblins
  11 hobgoblins
  2 kobolds
  2 quokkas
  2 frilled lizards
  3 rats
53 creatures vanquished.

Vanquished Creatures (others)
  3 fungi (D:2)
3 creatures vanquished.

Grand Total: 56 creatures vanquished

Notes
Turn   | Place    | Note
-------+----------+-------------------------------------------
     0 | D:1      | Kaptain the Gargoyle Earth Elementalist began the quest for
                  | the Orb.
     0 | D:1      | Reached XP level 1. HP: 10/10 MP: 3/3
   432 | D:1      | Reached XP level 2. HP: 16/16 MP: 3/5
   924 | D:1      | Reached skill level 4 in Earth Magic
   958 | D:1      | Reached skill level 1 in Fighting
   958 | D:1      | Reached skill level 1 in Conjurations
  1011 | D:1      | Reached XP level 3. HP: 20/20 MP: 4/6
  1102 | D:1      | Learned a level 3 spell: Stone Arrow
  1498 | D:2      | Found a faded altar of an unknown god.
  1509 | D:2      | Got Plato's Collected Works on Conjuration
  1733 | D:2      | Reached XP level 4. HP: 24/25 MP: 7/7
  2439 | D:3      | Noticed Robin
  2782 | D:3      | Noticed Sigmund
  2796 | D:3      | Slain by Sigmund

Illustrated notes

Levels and vault maps discovered:
D:1:      dpeg_arrival_pits, layout_basic, minmay_tall_x
D:2:      minmay_diamond_boxcup, layout_rooms,
          shapermc_ecumenical_altar_rom_forum
D:3:      layout_rooms, serial_rivers, chequers_serial_rivers_micro_c,
          chequers_serial_rivers_room_a, chequers_serial_rivers_room_b,
          chequers_serial_rivers_small_b, chequers_serial_rivers_marsh,
          chequers_garden, uniq_sigmund, uniq_crazy_yiuf_cottage, uniq_grinder,
          uniq_jessica, uniq_robin

Skill      XL: |  1  2 |
---------------+-------+-----
Earth Magic    | 4 |  4.3
Fighting       | 1 |  1.5
Conjurations   | 1 |  1.7
Armour         | |  0.8
Dodging        | |  1.8
Stealth        | |  2.1
Shields        | |  0.4
Spellcasting   | |  2.5
Transmutations | |  0.7

Action                   |  1- 3 |  4- 6 || total
-------------------------+-------+-------++-------
Melee: Unarmed           |     3 |       ||     3
       Dagger            |    32 |       ||    32
       Short sword       |     9 |     6 ||    15
       Long sword        |       |    35 ||    35
       Punch             |       |     1 ||     1
 Cast: Sandblast         |    30 |    23 ||    53
  Use: Potion            |       |     2 ||     2
 Stab: Sleeping          |       |     1 ||     1
Armor: Leather armour    |    17 |    41 ||    58
Dodge: Dodged            |    39 |    55 ||    94
